 Dungeon Crawl Stone Soup version 0.29.0-11-gd7f09526c8 (webtiles) character file.

Game seed: 10986578355637895329

1115 mora the Sneak (level 8, -4/54 HPs)
             Began as an Octopode Conjurer on Sept 6, 2022.
             Slain by a sky beast (6 damage)
             ... on level 6 of the Dungeon.
             The game lasted 00:07:34 (6446 turns).

mora the Sneak (Octopode Conjurer)                  Turns: 6446, Time: 00:07:35

Health: -4/54      AC:  1    Str:  6    XL:     8   Next: 34%
Magic:  1/14       EV: 17    Int: 29    God:
Gold:   299        SH:  8    Dex: 10    Spells: 12/15 levels left

rFire   . . .      SeeInvis .   l - +2 dagger (venom)
rCold   . . .      Faith    .   i - +0 buckler
rNeg    + . .      Spirit   .   (helmet restricted)
rPois   .          Reflect  +   u - amulet of reflection
rElec   .          Harm     .   f - +4 ring of evasion
rCorr   .          Rampage  .   x - +6 ring of intelligence
Will    .....                   y - ring of positive energy
Stlth   ++++......              (no ring)
HPRegen 0.18/turn               (no ring)
MPRegen 0.14/turn               (no ring)
                                (no ring)
                                (no ring)

@: no status effects
A: almost no armour, amphibious, 8 rings, camouflage 1, gelatinous body 1,
(nimble swimmer 1), tentacles
a: no special abilities


You were on level 6 of the Dungeon.
You visited 1 branch of the dungeon, and saw 6 of its levels.

You collected 299 gold pieces.

Inventory:

Hand Weapons
 l - a +2 dagger of venom (weapon)
 o - a +0 scimitar
Armour
 i - a +0 buckler (worn)
Jewellery
 f - a +4 ring of evasion (left tentacle)
 k - a ring of fire
 u - an amulet of reflection (around mantle)
 x - a +6 ring of intelligence (right tentacle)
 y - a ring of positive energy (on tentacle)
 z - a ring of see invisible
Wands
 P - a wand of paralysis (8)
Scrolls
 b - a scroll of poison
 t - a scroll of teleportation
Potions
 a - a potion of ambrosia
 c - 3 potions of curing
 d - 3 potions of lignification
 e - 2 potions of degeneration
 g - 3 potions of haste {unknown}
 h - 3 potions of heal wounds
 j - a potion of berserk rage {unknown}
 m - 3 potions of invisibility {unknown}
 p - a potion of brilliance {unknown}
 s - a potion of attraction {unknown}
 v - a potion of might {unknown}


   Skills:
 + Level 4.0 Fighting
 + Level 4.5 Dodging
 + Level 6.5 Stealth
 + Level 1.2 Shields
 + Level 4.2 Spellcasting
 + Level 5.8 Conjurations


You had 12 spell levels left.
You knew the following spells:

 Your Spells              Type           Power      Damage    Failure   Level
a - Magic Dart            Conj           100%       1d8       1%          1
b - Searing Ray           Conj           80%        2d7       1%          2

Your spell library contained the following spells:

 Spells                   Type           Power      Damage    Failure   Level
 Conjure Flame            Conj/Fire      23%        6-21      8%          3
 Dazzling Flash           Conj/Hex       46%        N/A       8%          3
 Ignite Poison            Fire/Tmut/Pois 6%         N/A       26%         3
 Fulminant Prism          Conj/Hex       11%        3d9       26%         4
 Iskenderun's Mystic Bla  Conj/Tloc      23%        2d6       26%         4
 Sticky Flame             Conj/Fire      23%        2d4       26%         4


Dungeon Overview and Level Annotations

Branches:
Dungeon (6/15)
 Temple: D:4-7

Altars:
The Shining One

Annotations:
D:6 Blork the orc


Innate Abilities, Weirdness & Mutations

You cannot wear most types of armour.
You are amphibious.
You can wear up to eight rings at the same time.
Your skin changes colour to match your surroundings (Stealth+).
Your rubbery body absorbs attacks. (AC +1, EV +1)
((You are camouflaged when in or above water. (Stealth+)))
You have tentacles for arms and can constrict up to eight enemies at once.


Message History

You closely miss the sky beast. Your squeeze misses the sky beast.
The sky beast is heavily wounded.
You block the sky beast's attack.
You closely miss the sky beast.
Your tentacle-slap misses the sky beast.
Your squeeze misses the sky beast.
The sky beast is heavily wounded.
The sky beast closely misses you.
You closely miss the sky beast.
You tentacle-slap the sky beast, but do no damage.
The sky beast is heavily wounded.
The sky beast misses you. The sky beast barely misses you.
Casting: Searing Ray (safe; 1% risk of failure)
Confirm with . or Enter, or press ? or * to list all spells.
Aiming: Magic Dart (safe; 1% risk of failure)
Press: ? - help, Shift-Dir - straight line, f - sky beast
Aim: a sky beast (heavily wounded, 100% to hit)
The magic dart hits the sky beast.
The sky beast is heavily wounded.
The sky beast closely misses you.
You closely miss the sky beast.
The sky beast is heavily wounded.
The sky beast hits you. The sky beast shocks you.
* * * LOW HITPOINT WARNING * * *
You hit the sky beast.
The sky beast is poisoned.
The sky beast is heavily wounded.
The sky beast misses you.
You barely miss the sky beast.
The sky beast is heavily wounded.
The sky beast hits you.
* * * LOW HITPOINT WARNING * * *
The sky beast shocks you.
* * * LOW HITPOINT WARNING * * *
Aiming: Paralyse
Press: ? - help, Shift-Dir - straight line, f/p - sky beast
Aim: a sky beast (heavily wounded, very poisoned, chance to affect: 49%)
The sky beast resists with some effort.
The sky beast hits you.
* * * LOW HITPOINT WARNING * * *
The sky beast shocks you.
You die...

.####..#### #
......{...##.#
.............#
.#######..#### .# ##..# .#
..########.###. .#
.........#~.##.# .# .
..######.##Y##.# .####<.
#..#@##.###.......
####.......†........
#.#####...##......<....)..
#.........###.............
######................#...
#######................# .
..........................
.....###..................
.... #......>........####


You could see a sky beast (very poisoned).

Vanquished Creatures
  Eustachio (D:5)
  A water moccasin (D:6)
  An ice beast (D:6)
  2 ogres (D:5)
  A phantom (D:4)
  A kobold brigand (D:4)
  A scorpion (D:2)
  A howler monkey (D:5)
  A hound (D:5)
  An orc priest (D:5)
  A jelly (D:6)
  2 iguanas (D:5)
  Ijyb (D:3)
  An orc wizard (D:5)
  10 adders
  2 shadow imps
  A white imp (D:5)
  A worm (D:2)
  A dart slug (D:2)
  4 orcs
  3 bats
  4 endoplasms
  8 goblins
  5 hobgoblins
  4 jackals (D:3)
  2 quokkas
  8 ball pythons
  9 frilled lizards
  6 kobolds
  6 rats
90 creatures vanquished.

Vanquished Creatures (others)
  An orc wizard (D:5)
1 creature vanquished.

Grand Total: 91 creatures vanquished

Notes
Turn   | Place    | Note
-------+----------+-------------------------------------------
     0 | D:1      | mora the Octopode Conjurer began the quest for the Orb.
     0 | D:1      | Reached XP level 1. HP: 11/11 MP: 3/3
   251 | D:1      | Reached XP level 2. HP: 18/18 MP: 3/5
   371 | D:1      | Reached skill level 3 in Stealth
   741 | D:1      | Found a faded altar of an unknown god.
   741 | D:1      | Noticed an Executioner
  1217 | D:2      | Reached XP level 3. HP: 22/22 MP: 2/6
  1299 | D:2      | Reached skill level 1 in Fighting
  1410 | D:2      | Noticed a scorpion
  1645 | D:2      | Learned a level 2 spell: Searing Ray
  1654 | D:2      | Killed a scorpion
  1655 | D:2      | Reached XP level 4. HP: 13/29 MP: 2/8
  1999 | D:3      | Noticed Ijyb
  2001 | D:3      | Paralysed by Ijyb for 5 turns
  2014 | D:3      | Paralysed by Ijyb for 3 turns
  2019 | D:3      | Killed Ijyb
  2020 | D:3      | Reached skill level 4 in Stealth
  2020 | D:3      | Reached XP level 5. HP: 19/34 MP: 1/9
  3167 | D:4      | Noticed a kobold brigand
  3169 | D:4      | Noticed a phantom
  3180 | D:4      | Killed a kobold brigand
  3181 | D:4      | Reached XP level 6. HP: 31/40 MP: 1/10
  4171 | D:4      | Reached skill level 5 in Conjurations
  4259 | D:5      | Entered Level 5 of the Dungeon
  4282 | D:5      | Found a glowing golden altar of the Shining One.
  4301 | D:5      | Reached skill level 5 in Stealth
  4415 | D:5      | Reached XP level 7. HP: 46/46 MP: 0/12
  5434 | D:5      | Noticed Eustachio
  5442 | D:5      | Killed Eustachio
  5443 | D:5      | Reached skill level 6 in Stealth
  5588 | D:5      | Reached XP level 8. HP: 54/54 MP: 7/14
  5782 | D:6      | Noticed Blork the orc
  6433 | D:6      | Reached skill level 1 in Shields
  6446 | D:6      | HP: 2/54 [sky beast (4)]
  6446 | D:6      | Slain by a sky beast

Illustrated notes

Levels and vault maps discovered:
D:1:      psy_arrival_basics, layout_basic,
          dreamdust_ecumenical_altar_sealed_demon
D:2:      layout_rooms, minmay_vboxes
D:3:      layout_loops_ring, serial_rivers, chequers_serial_rivers_micro_c,
          chequers_serial_rivers_marsh, chequers_serial_rivers_micro_c,
          chequers_serial_rivers_micro_c, chequers_serial_rivers_small_b,
          uniq_ijyb
D:4:      cheibrodos_helix_gallery, layout_basic
D:5:      layout_loops_corners, tso_metal_star, uniq_eustachio
D:6:      minmay_spotlight, layout_rooms, minmay_temple_entry_glassed_door,
          uniq_pikel, uniq_blork_the_orc, uniq_duvessa

Skill      XL: |  1  2  3  4  5  6  7  8 |
---------------+-------------------------+-----
Stealth        | 3 4 5 6 |  6.5
Fighting       | 1 2 3 4 |  4.0
Dodging        | 3 4 |  4.5
Spellcasting   | 3 4 |  4.2
Conjurations   | 5 |  5.8
Shields        | 1 |  1.2

Action                   |  1- 3 |  4- 6 |  7- 9 || total
-------------------------+-------+-------+-------++-------
Melee: Unarmed           |    10 |       |       ||    10
       Tentacles         |     3 |       |       ||     3
       Constrict         |     1 |       |       ||     1
       Dagger            |       |       |    12 ||    12
       Punch             |       |       |     1 ||     1
 Cast: Magic Dart        |    63 |    77 |    58 ||   198
       Searing Ray       |     2 |     8 |    10 ||    20
Evoke: Wand              |       |       |     1 ||     1
  Use: Potion            |     1 |       |       ||     1
       Scroll            |       |       |    11 ||    11
Armor: Skin              |     2 |       |     2 ||     4
Dodge: Dodged            |    19 |    16 |    27 ||    62
Block: Other             |       |     3 |       ||     3
       Buckler           |       |       |     3 ||     3
